 Dungeon Crawl Stone Soup version 0.15-a0-809-g8e1b895 (webtiles) character file.

100338 4tharraofdagon the Martial Artist (level 15, -8/226 HPs)
             Began as a White Draconian Transmuter on May 14, 2014.
             Was a High Priest of Qazlal.
             Mangled by a blue devil (12 damage)
             ... in an ice cave.
             The game lasted 02:03:33 (12826 turns).

4tharraofdagon the Martial Artist (DrTm)           Turns: 12826, Time: 02:03:33

HP  -8/226       AC  5     Str 17      XL: 15   Next: 80%
MP   5/29        EV 19     Int 16      God: Qazlal [*****.]
Gold 115         SH 13     Dex 16      Spells:  9 memorised,  7 levels left

rFire  x . .     SeeInvis .       - Unarmed
rCold  + + +     Rnd*Rage +     (armour unavailable)
rNeg   . . .     Conserve .     c - melded +0 shield {reflect}
rPois  +         rCorr    .     (helmet currently unavailable)
rElec  .         rRot     .     J - melded +1 cloak
SustAb . .       Spirit   .     m - melded +2 pair of gloves
rMut   .         Warding  .     F - melded +1 pair of boots
Gourm  .         Stasis   .     O - amulet of rage
MR     +....                    H - +3 ring of evasion
                                p - +1 ring of evasion

@: ice-form (expiring), repel missiles, berserking, studying Shields, protected
from cold, very quick, somewhat resistant to hostile enchantments, extremely
unstealthy
A: (breathe frost), unfitting armour, (talons 0), berserk 1, (cold resistance
0), (poison resistance), wild magic 1, AC +9
a: End Transformation, Upheaval, Elemental Force, Disaster Area, Renounce
Religion, Evoke Berserk Rage


You were in an ice cave.
You worshipped Qazlal.
Qazlal was extremely pleased with you.
You were full.
You were a creature of crystalline ice.
You visited 5 branches of the dungeon, and saw 27 of its levels.
You also visited: Labyrinth, Bailey and Ice Cave.

You collected 1851 gold pieces.
You spent 1736 gold pieces at shops.

Inventory:

Missiles
 e - 5 throwing nets (quivered)
Armour
 c - a +0 shield of reflection (melded)
 m - a +2 pair of gloves (melded)
 F - a +1 pair of boots (melded)
 J - a +1 cloak (melded)
Magical devices
 k - a wand of lightning (6)
 s - a wand of fire (6)
 x - a wand of disintegration (20)
 W - a wand of draining (3)
Comestibles
 a - 3 bread rations
 f - 7 meat rations
 M - 5 oranges
 N - 3 apricots
 P - 12 chokos
 Q - a honeycomb
Scrolls
 h - 5 scrolls of fog
 n - 4 scrolls of enchant weapon II
 q - 3 scrolls of recharging
 r - a scroll of identify
 t - 6 scrolls of remove curse
 v - a scroll of enchant weapon I
 I - 4 scrolls of amnesia
 K - a scroll of holy word
Jewellery
 b - an uncursed ring of flight
 d - an uncursed ring of poison resistance
 i - an uncursed amulet of clarity
 l - an uncursed amulet of the gourmand
 p - a +1 ring of evasion (left paw)
 C - an uncursed ring of stealth
 G - a cursed ring of teleportation
 H - a +3 ring of evasion (right paw)
 O - an amulet of rage (around neck)
 R - an uncursed ring of protection from fire
 Y - an uncursed ring of positive energy
Books
 g - a book of Battle

   Spells                             Type                      Level
   Infusion                           Charms                       1
   Shroud of Golubria                 Charms/Translocation         2
   Song of Slaying                    Charms                       2
   Spectral Weapon                    Hexes/Charms                 3
   *Regeneration                      Charms/Necromancy            3
 y - a manual of Shields
 D - a book of Clouds

   Spells                             Type                      Level
   Mephitic Cloud                     Conjuration/Poison/Air       3
   Conjure Flame                      Conjuration/Fire             3
   Poisonous Cloud                    Conjuration/Poison/Air       6
   Freezing Cloud                     Conjuration/Ice/Air          6
   Ring of Flames                     Charms/Fire                  7
 S - a book of the Dragon

   Spells                             Type                      Level
   Flight                             Charms/Air                   3
   Cause Fear                         Hexes                        4
   Bolt of Fire                       Conjuration/Fire             6
   Dragon Form                        Transmutation                7
   Dragon's Call                      Summoning                    9
 X - the Papyrus of Enchanting Calling
   (You found it on level 1 of the Lair of Beasts)

   Spells                             Type                      Level
   *Summon Butterflies                Summoning                    1
   Silence                            Hexes/Air                    5
   Summon Mana Viper                  Hexes/Summoning              5
   Dragon's Call                      Summoning                    9
Miscellaneous
 E - a legendary deck of wonders


   Skills:
 - Level 10.1 Fighting
 - Level 9.0 Dodging
 - Level 12.0 Shields
 - Level 14.2 Unarmed Combat
 - Level 7.0 Spellcasting
 - Level 3.8 Charms
 - Level 5.5 Necromancy
 * Level 12.5 Transmutations
 - Level 9.0 Invocations
 - Level 3.4 Evocations


You had 7 spell levels left.
You knew the following spells:

 Your Spells              Type           Power        Failure   Level  Hunger
b - Spider Form           Trmt/Pois      #####.....   7%          3    ##.....
c - Ice Form              Ice/Trmt       #####.....   22%         4    ####...
d - Swiftness             Chrm/Air       ###.....     19%         2    None
e - Blade Hands           Trmt           ######....   5%          5    #####..
f - Regeneration          Chrm/Necr      ####......   16%         3    ##.....
g - Summon Butterflies    Summ           #.......     26%         1    None
h - Animate Skeleton      Necr           N/A          4%          1    None
i - Apportation           Tloc           #.........   26%         1    None
j - Confusing Touch       Hex            #.........   26%         1    None


Dungeon Overview and Level Annotations

Branches:
Dungeon (13/15)            Temple (1/1) D:4             Orc (4/4) D:9
    Elf (1/3) Orc:4          Lair (8/8) D:11          Swamp (0/5) Lair:4
 Shoals: Lair:3-6     Snake: Lair:3-6    Spider: Lair:3-6     Slime: Lair:6-8
 Vaults: D:13-14

Altars:
Ashenzari
Dithmenos
Elyvilon
Fedhas
Kikubaaqudgha
Makhleb
Nemelex Xobeh
Okawaru
Qazlal
Sif Muna
Trog
Vehumet
Xom
Yredelemnul
Zin
The Shining One
Beogh

Shops:
D:7 (   D:12 !   Orc:4 [*(=   Elf:1 :

Annotations:
Lair:7 SLIME


Innate Abilities, Weirdness & Mutations

((You can breathe waves of freezing cold.))*
((You can buffet flying creatures when you breathe cold.))*
((Your icy white scales are hard (AC +9).))*
Your body does not fit into most forms of armour.
Your cold-blooded metabolism reacts poorly to cold.
((Your flesh is cold resistant.))*
((You have sharp toenails.))*
You tend to lose your temper in combat.
((Your system is resistant to poisons.))*
Your spells are a little harder to cast, but a little more powerful.


Message History

The ice devil is moderately wounded.
The blue devil misses you.
Unknown command.
Unknown command.
Unknown command.
Unknown command.
You pummel the ice devil!!
The ice devil is heavily wounded.
The ice devil hits you!
* * * LOW HITPOINT WARNING * * *
The ice devil freezes you. You resist.
You feel more protected from cold.
* * * LOW HITPOINT WARNING * * *
Unknown command.
Unknown command.
Unknown command.
You punch the blizzard demon!
The blizzard demon is severely wounded.
The blue devil hits you!
You die...

##...####
######......
##...### ####...
###..§######
###.
##§§§....#### ##
###§§§§.......#
###...§§..2.##..
##....≈§####..#
##...§423# .....
#....§4Y##
4..###
#.....§3## §.##
#.....§ §§§
##..... §§##
###..# .§§ ###


2 You could see a blizzard demon, 2 ice devils and 2 blue devils.

Vanquished Creatures
  An azure jelly (Elf:1)
  Donald (Orc:3)
  Maud (Lair:7)
  An orc warlord (Orc:4)
  A deep elf demonologist (Elf:1)
  A blizzard demon (IceCv)
  Snorg (Orc:1)
  A minotaur (Lab)
  Fannar (D:13)
  2 hydras
  5 orc high priests
  A death yak (Lair:8)
  A centaur warrior (D:13)
  A catoblepas (D:13)
  3 deep elf knights (Elf:1)
  An ice devil (IceCv)
  5 deep elf summoners (Elf:1)
  2 ice statues (IceCv)
  3 hill giants
  A wizard (D:12)
  6 orc knights
  A lindwurm (Lair:7)
  3 deep elf conjurers (Elf:1)
  A harpy (shapeshifter) (D:13)
  2 griffons
  4 orc sorcerers
  11 elephants
  7 black mambas
  An item mimic (Lair:8)
  9 spiny frogs
  5 komodo dragons
  A kobold demonologist (D:13)
  2 freezing wraiths (Elf:1)
  3 centaur zombies (D:13)
  A yaktaur (D:13)
  A fire drake (shapeshifter) (Elf:1)
  2 deep elf priests (Elf:1)
  A spriggan druid (Lair:8)
  A troll (shapeshifter) (Elf:1)
  A two-headed ogre (D:8)
  7 blue devils (IceCv)
  8 giant fireflies (Lair:8)
  3 trolls
  A jumping spider (Elf:1)
  4 polar bears (Lair:8)
  11 blink frogs
  12 spriggans (Lair:8)
  A shadow (D:13)
  25 yaks
  2 wraiths
  4 deep elf magi (Elf:1)
  A tarantella (Elf:1)
  A wyvern (D:11)
  2 trapdoor spiders (D:13)
  2 wargs (Orc:2)
  3 elephant slugs
  2 sharks (Lair:5)
  8 deep elf fighters (Elf:1)
  24 wolves
  7 ugly things
  2 hungry ghosts
  3 hippogriffs
  A steam dragon (D:10)
  Edmund (D:4)
  2 swamp worms (Lair:1)
  8 water moccasins
  39 orc warriors
  2 porcupines
  A sky beast (D:9)
  9 black bears
  A manticore zombie (D:10)
  5 ogres
  3 yellow wasps
  6 ice beasts
  7 centaurs
  A phantom (D:9)
  4 necrophages
  A boring beetle (Lair:8)
  8 crocodiles
  9 giant slugs
  3 gnoll sergeants
  4 big kobolds
  9 giant frogs
  2 eyes of draining (D:12)
  A warg skeleton (Orc:2)
  4 wights (D:8)
  An electric eel (Lair:1)
  A tengu skeleton (D:12)
  4 crimson imps
  10 hounds
  An elf zombie (D:13)
  A quasit (D:10)
  3 jellies (Lair:7)
  A giant frog skeleton (D:10)
  30 orc priests
  An iguana (D:12)
  A big fish (Lair:5)
  4 worker ants
  15 orc wizards
  2 sheep (D:11)
  A hound zombie (D:5)
  15 gnolls
  12 adders
  32 green rats
  2 shadow imps
  7 white imps (IceCv)
  2 giant mites
  11 worms
  5 ufetubi (IceCv)
  5 giant geckos
  2 oozes (Lair:7)
  139 orcs
  2 giant cockroaches
  18 goblins
  15 hobgoblins
  6 quokkas
  2 ball pythons (D:2)
  17 bats
  A hobgoblin zombie (Orc:4)
  21 jackals
  37 kobolds
  A kobold skeleton (D:4)
  3 kobold zombies
  2 orc skeletons (Orc:2)
  9 orc zombies (Orc:4)
  14 rats
  A rat skeleton (D:4)
  3 ballistomycetes (D:10)
  4 bushes
  18 fungi
  21 plants
864 creatures vanquished.

Vanquished Creatures (others)
  A deep elf mage (Elf:1)
  A sky beast (D:12)
  An orc wizard (Orc:4)
  An adder (D:12)
  3 white imps (IceCv)
  2 ufetubi (IceCv)
  2 giant spores
  A ballistomycete (D:12)
  15 fungi
  7 plants
34 creatures vanquished.

Grand Total: 898 creatures vanquished

Notes
Turn   | Place    | Note
--------------------------------------------------------------
     0 | D:1      | 4tharraofdagon, the Draconian Transmuter, began the quest for the Orb.
     0 | D:1      | Reached XP level 1. HP: 16/16 MP: 3/3
   142 | D:1      | Reached XP level 2. HP: 12/23 MP: 4/4
   321 | D:2      | upped kobold
   518 | D:2      | Reached XP level 3. HP: 17/28 MP: 6/6
   550 | D:2      | Learned a level 3 spell: Spider Form
   749 | D:4      | Found a staircase to the Ecumenical Temple.
   778 | Temple   | Entered the Ecumenical Temple
   822 | Temple   | rotfl
   847 | Temple   | Became a worshipper of Qazlal Stormbringer
   874 | D:4      | Found an ancient bone altar of Kikubaaqudgha.
   880 | D:4      | Noticed Edmund
   914 | D:4      | Killed Edmund
   914 | D:4      | Reached XP level 4. HP: 24/36 MP: 4/8
   914 | D:4      | Reached XP level 5. HP: 27/41 MP: 4/9
   952 | D:4      | Found a sparkling altar of Nemelex Xobeh.
  1012 | D:4      | Reached skill level 4 in Unarmed Combat
  1232 | D:5      | Entered Level 5 of the Dungeon
  1232 | D:5      | Noticed an ice beast
  1279 | D:5      | Noticed an ogre
  1299 | D:5      | Killed an ogre
  1299 | D:5      | Reached XP level 6. HP: 48/50 MP: 7/11
  1635 | D:5      | Reached skill level 5 in Unarmed Combat
  1737 | D:5      | Acquired Qazlal's first power
  1779 | D:5      | Your scales start taking on an icy white colour.
  1779 | D:5      | Gained mutation: Your flesh is cold resistant. [draconian maturity]
  1779 | D:5      | Reached XP level 7. HP: 40/56 MP: 9/14
  1864 | D:5      | Killed an ice beast
  1893 | D:5      | Learned a level 4 spell: Ice Form
  1927 | D:6      | Reached skill level 1 in Invocations
  1972 | D:7      | Learned a level 2 spell: Swiftness
  2248 | D:7      | Reached XP level 8. HP: 38/63 MP: 13/17
  2258 | D:7      | Reached skill level 6 in Unarmed Combat
  2263 | D:7      | Found Qiavvea's Antique Weapon Boutique.
  2297 | D:8      | Noticed a two-headed ogre
  2315 | D:8      | Killed a two-headed ogre
  2315 | D:8      | Reached skill level 5 in Transmutations
  2399 | D:8      | Acquired Qazlal's second power
  2735 | D:9      | Learned a level 5 spell: Blade Hands
  2804 | D:10     | Entered Level 10 of the Dungeon
  2834 | D:9      | Reached skill level 7 in Unarmed Combat
  2844 | D:9      | Gained mutation: Your spells are a little harder to cast, but a little more powerful. [mutagenic meat]
  2845 | D:9      | Gained mutation: You tend to lose your temper in combat. [mutagenic meat]
  2846 | D:9      | Gained mutation: You have sharp toenails. [mutagenic meat]
  2858 | D:10     | Reached XP level 9. HP: 48/72 MP: 14/20
  2880 | D:10     | Noticed a hill giant
  2908 | D:10     | Killed a hill giant
  2908 | D:10     | Reached skill level 5 in Fighting
  2946 | D:11     | Noticed a hill giant
  2947 | D:11     | rotfl
  2986 | D:11     | Acquired Qazlal's third power
  3094 | D:11     | Found a staircase to the Lair.
  3094 | D:11     | Noticed an elephant
  3153 | D:11     | Killed a hill giant
  3153 | D:11     | Reached skill level 5 in Dodging
  3153 | D:11     | Reached skill level 8 in Unarmed Combat
  3153 | D:11     | Reached skill level 5 in Spellcasting
  3395 | D:12     | Noticed a hill giant
  3455 | D:12     | Killed a hill giant
  3455 | D:12     | Reached skill level 5 in Invocations
  3455 | D:12     | Reached XP level 10. HP: 78/83 MP: 19/22
  3493 | D:13     | Noticed Fannar
  3823 | D:12     | Reached skill level 9 in Unarmed Combat
  4076 | D:12     | Noticed a wizard
  4098 | D:12     | Killed a wizard
  4255 | D:13     | Noticed a centaur warrior
  4266 | D:13     | Killed a centaur warrior
  4268 | D:13     | Noticed a harpy
  4280 | D:13     | Killed a harpy
  4280 | D:13     | Reached XP level 11. HP: 28/92 MP: 19/25
  4362 | D:12     | Found Zakustof's Distillery.
  4371 | D:12     | Bought a potion of haste for 70 gold pieces
  4371 | D:12     | Bought a potion of heal wounds for 30 gold pieces
  4371 | D:12     | Bought a potion of agility for 25 gold pieces
  4371 | D:12     | Bought a potion of berserk rage for 30 gold pieces
  4371 | D:12     | Bought a potion of heal wounds for 30 gold pieces
  4371 | D:12     | Bought a potion of might for 25 gold pieces
  4371 | D:12     | Bought a potion of curing for 20 gold pieces
  4371 | D:12     | Bought a potion of curing for 20 gold pieces
  4371 | D:12     | Bought a potion of restore abilities for 30 gold pieces
  4397 | D:11     | Killed an elephant
  4508 | D:11     | Acquired Qazlal's fourth power
  4544 | Lair:1   | Entered Level 1 of the Lair of Beasts
  4707 | Lair:1   | Noticed a five-headed hydra
  4829 | Lair:1   | Reached skill level 10 in Unarmed Combat
  4872 | Lair:1   | Identified the Papyrus of Enchanting Calling
  5352 | Lair:1   | Killed a five-headed hydra
  5570 | Lair:3   | Reached skill level 10 in Transmutations
  5744 | Lair:4   | Acquired Qazlal's fifth power
  5809 | Lair:4   | Found a staircase to the Swamp.
  5860 | Lair:5   | Reached XP level 12. HP: 83/100 MP: 21/26
  5950 | Lair:5   | Noticed a five-headed hydra
  5983 | Lair:5   | Killed a five-headed hydra
  5990 | Lair:5   | Reached skill level 11 in Unarmed Combat
  6020 | Lair:5   | Found a labyrinth entrance.
  6047 | Lab      | Entered a labyrinth
  6755 | Lab      | Noticed a minotaur
  6765 | Lab      | Killed a minotaur
  6770 | Lab      | Identified the Compendium of Companions and Dislocation (You found it in a labyrinth)
  6779 | Lab      | Got a warped dagger
  6787 | Lab      | Got a pitted crossbow
  6788 | Lab      | Identified the +3,+9 dagger of Pyromania {flame, rF+ Str+1 Dex+2 Int-3} (You found it in a labyrinth)
  6989 | Lair:6   | HP: 6/122 [yak (17)]
  7292 | Lair:7   | Noticed Maud
  7340 | Lair:7   | Killed Maud
  7340 | Lair:7   | Reached skill level 12 in Unarmed Combat
  7754 | Lair:8   | Entered Level 8 of the Lair of Beasts
  7891 | Lair:8   | Reached XP level 13. HP: 80/111 MP: 25/27
  8024 | Lair:8   | Reached skill level 1 in Shields
  8223 | Lair:8   | Reached skill level 5 in Shields
  8384 | Lair:8   | Reached skill level 13 in Unarmed Combat
  8627 | Lair:8   | Learned a level 3 spell: Regeneration
  8628 | Lair:8   | Reached XP level 14. HP: 70/118 MP: 27/27
  8752 | Lair:8   | Reached skill level 1 in Necromancy
  8794 | Lair:8   | Reached skill level 1 in Charms
  9543 | D:13     | Killed Fannar
  9566 | D:13     | Noticed a griffon
  9585 | D:13     | Killed a griffon
  9594 | D:13     | Noticed a catoblepas
  9608 | D:13     | Killed a catoblepas
  9933 | D:10     | Noticed a gargoyle
  9948 | D:9      | Learned a level 1 spell: Summon Butterflies
 10065 | D:9      | Found a staircase to the Orcish Mines.
 10087 | Orc:1    | Entered Level 1 of the Orcish Mines
 10102 | Orc:1    | Noticed Snorg
 10113 | Orc:1    | Killed Snorg
 10391 | Orc:2    | Found a bloodstained altar of Trog.
 10408 | Orc:2    | Found a flagged portal.
 10425 | Bailey   | Entered a bailey
 10631 | Bailey   | Gained mutation: Your system is resistant to poisons. [potion of beneficial mutation]
 10652 | Bailey   | Reached XP level 15. HP: 125/125 MP: 17/29
 10791 | Orc:2    | Found a roughly hewn altar of Beogh.
 11024 | Orc:2    | Paralysed by an orc sorcerer for 4 turns
 11036 | Orc:3    | Noticed Donald
 11161 | Orc:3    | Killed Donald
 11315 | Orc:4    | Entered Level 4 of the Orcish Mines
 11363 | Orc:4    | Paralysed by an orc sorcerer for 3 turns
 11441 | Orc:4    | Reached skill level 14 in Unarmed Combat
 11521 | Orc:4    | Reached skill level 5 in Necromancy
 11533 | Orc:4    | Reached skill level 10 in Fighting
 11780 | Orc:4    | Found Trypep's Antique Armour Emporium.
 11781 | Orc:4    | Found Zooqo's Antique Weapon Emporium.
 11782 | Orc:4    | Found Evuenoim's General Store.
 11782 | Orc:4    | Found Tupumur's Jewellery Shoppe.
 11798 | Orc:4    | Bought a pair of dazzling gloves for 275 gold pieces
 11801 | Orc:4    | Identified the cursed -4 pair of gloves of Negation {Str+4 Dex-2 Curse} (You bought it in a shop on level 4 of the Orcish Mines)
 11806 | Orc:4    | Bought a pair of gloves for 130 gold pieces
 11817 | Orc:4    | Bought a potion of agility for 37 gold pieces
 11819 | Orc:4    | Bought a cursed ring of teleportation for 174 gold pieces
 11819 | Orc:4    | Bought an uncursed amulet of rage for 480 gold pieces
 11871 | Orc:4    | Found a staircase to the Elven Halls.
 11954 | Elf:1    | Entered Level 1 of the Elven Halls
 11976 | Elf:1    | Reached skill level 1 in Evocations
 12010 | Elf:1    | Found Shism's Book Shoppe.
 12019 | Elf:1    | Bought a book of Cantrips for 360 gold pieces
 12022 | Elf:1    | Learned a level 1 spell: Animate Skeleton
 12024 | Elf:1    | Learned a level 1 spell: Apportation
 12026 | Elf:1    | Learned a level 1 spell: Confusing Touch
 12451 | Elf:1    | Found a radiant altar of Vehumet.
 12465 | Elf:1    | Noticed an Ice Fiend
 12470 | Elf:1    | Noticed a Hell Sentinel
 12564 | Elf:1    | Noticed an azure jelly
 12574 | Elf:1    | Killed an azure jelly
 12589 | Elf:1    | Found a frozen archway.
 12595 | IceCv    | Entered an ice cave
 12825 | IceCv    | HP: 6/226 [ice devil (8)]
 12826 | IceCv    | Mangled by a blue devil

Action                   |  1- 3 |  4- 6 |  7- 9 | 10-12 | 13-15 || total
-------------------------+-------+-------+-------+-------+-------++-------
Melee: Unarmed           |   172 |    70 |   266 |   557 |  1157 ||  2222
       Flail             |       |    57 |    37 |    65 |    51 ||   210
Throw: Throwing net      |     1 |       |       |       |       ||     1
 Cast: Spider Form       |     1 |     8 |    33 |    34 |    30 ||   106
       Blade Hands       |       |       |     1 |     5 |    20 ||    26
       Ice Form          |       |       |       |     9 |    18 ||    27
       Regeneration      |       |       |       |       |    39 ||    39
Invok: Upheaval          |       |       |     1 |    13 |    34 ||    48
       Elemental Force   |       |       |       |       |     1 ||     1
 Abil: Breathe Frost     |       |       |     7 |     8 |     6 ||    21
       End Transformatio |       |       |     4 |    20 |    30 ||    54
       Evoke Berserk Rag |       |       |       |       |     1 ||     1
Evoke: Wand              |       |     2 |     1 |     8 |     7 ||    18
  Use: Potion            |     1 |       |     3 |     8 |     8 ||    20
       Scroll            |       |       |    10 |    16 |    13 ||    39
 Stab: Fleeing           |       |       |       |       |     2 ||     2
       Invisible         |       |       |       |       |     6 ||     6

Vault maps used:
D:1:      dpeg_arrival_leaves_temple_mockup, minmay_misc_feat_ornament
D:3:      minmay_misc_feat_more_columns, uniq_crazy_yiuf_cottage
D:4:      kennysheep_mini, nemelex_altar_shiori, first_bread, uniq_edmund
D:5:      st_stairs_12
D:6:      amethyst_overflow_temple_binary
D:7:      serial_shops, shop
D:8:      kennysheep_kobold_camp
D:9:      orc_0_dummy
D:11:     david_lair_generic
D:12:     minmay_connected_triangles_in_corner, serial_shops, shop,
          blue_anna_alchemist
D:13:     david_vaults_4, uniq_fannar
Temple:   water_room_temple_a_12
Orc:1:    abandoned_shop, uniq_snorg
Orc:2:    basic_altar, enter_bailey_6, minmay_orc_temple_c
Orc:3:    nicolae_orc_pool_cavern, mines_bat_river, uniq_donald, uniq_nessos,
          uniq_erolcha
Orc:4:    st_orc_congregation
Elf:1:    portal_ice_cave_entry_horrid_things, basic_altar, serial_shops, shop,
          grunt_ministairs_4
Lair:1:   worms_lemuel, serial_bayou_shore_a
Lair:2:   lemuel_strawberry_fields, bh_autumn_forest_stairs
Lair:3:   infiniplex_staircase_pool, serial_bayou_shore_b, lemuel_fruit_tree
Lair:4:   swamp_mist, minivault_25, minivault_24
Lair:5:   lab_entry_generic
Lair:6:   minmay_snake_entry_six_corridors
Lair:7:   nicolae_slime_entry_slimehenge, uniq_maud
Lair:8:   minmay_lair_end_enchanted_forest, grunt_forest_large_clearings
Lab:      labyrinth_skeletal_remains
Bailey:   bailey_polearm_2, bailey
IceCv:    ice_cave_small_demon
